← All builds
Tech / Armada / Economy first / OBSERVED BUILD

Standard tech

Armada Tech (Eco) build order · Supreme Isthmus

Rushes T2 factory and T2 constructor early, upgrades team mexes, and supplies the team with T2 constructors while transitioning into eco and defensive units.

Usually first T2 con to Geo (82%)

#t2 #eco #team support · 1786 distinct matches · 271 players · 59% of Armada Tech games · team won 54% of 2112 · Recently observed

HOW TO PLAY IT

Key timing: T2 factory by 4:15

  1. Open 3 mex and heavy wind to fund a fast T2 rush.
  2. Put down Bot Lab, planning to eat it for reclaim soon after.
  3. Get Advanced Bot Lab up, hitting the T2 factory rush timing.
  4. Upgrade mex to Advanced Metal Extractor to lock in team metal income.
  5. Eat Advanced Bot Lab and keep sending cons to Geo and Pond.

Phase by phase

TYPICAL OF ITS 1786 GAMES
  1. 1
  2. 2
  3. 3
  4. 4
PLAY THE OPENING

Follow the example game's first 6:00 step by step: what to build now, what comes next, and where it goes. At 1× it keeps pace with your own game.

  1. 1

    Up to the Bot Lab

    Economy
    • Metal Extractor3Mex
    • Wind Turbine4Wind
    Order
    1. Bot LabBot Lab after 3 mex, 4 winddone ~1:18, middle half 1:13–1:32

    Some games also: energy storage (32%)

    By 1:01 in all: 3 mex · 4 wind

    The example game in this phase · 4 steps
    1. Mex ×3
    2. Wind ×5
    3. Energy storage
    4. Bot LabBot Labdone 1:38 · typical 1:18
  2. 2

    Bot Lab to Advanced Bot Lab

    Economy
    • Metal Extractor1Mex
    • Wind Turbine8Wind
    • Energy Storage1Energy storage
    Order
    1. Advanced Bot LabAdvanced Bot Lab after 4 mex, 12 wind, 3 con turretdone ~4:16, middle half 4:04–4:30
    Builders
    • Construction Turret3 Con turret
    • Lazarus3 Lazarus
    • Construction Bot2 Con bot
    • Construction Bot1 Con bot for allies

    Some games also: converter (36%)

    By 3:18 in all: 4 mex · 12 wind · 1 energy storage · 3 con turret

    The example game in this phase · 13 steps
    1. LazarusLazarus
    2. Wind ×2
    3. Construction BotCon bot ×2
    4. Wind ×2
    5. Con turret
    6. Wind
    7. Mex
    8. Con turret
    9. Wind ×3
    10. Con turret
    11. Wind
    12. Converter
    13. Advanced Bot LabAdvanced Bot Labdone 4:37 · typical 4:16
  3. 3

    Advanced Bot Lab to 5:00

    Economy
    • Wind Turbine3Wind
    Order
    1. Bot LabEat Bot Lab
    Builders
    • Advanced Construction Bot1 T2 con bot for allies

    Some games also: converter (35%)

    By 5:00 in all: 4 mex · 15 wind · 1 converter · 1 energy storage · 3 con turret

    The example game in this phase · 9 steps
    1. Wind ×5
    2. Converter
    3. Wind
    4. Converter
    5. Wind ×2
    6. Energy storage
    7. Converter
    8. Bot LabEat Bot Labreclaimed for its metal
    9. Advanced Construction BotT2 con botfor Air
  4. 4

    5:00 to 10:00

    Economy
    • Wind Turbine43Wind
    • Energy Converter6Converter
    Builders
    • Butler9 Butler
    • Advanced Construction Bot4 T2 con bot for allies
    • Advanced Construction Bot1 T2 con bot

    Some games also: con turret (42%) · Butler for allies (36%)

    By 10:00 in all: 4 mex · 59 wind · 8 converter · 1 energy storage · 3 con turret

    The example game in this phase · 161 steps
    1. Advanced Metal ExtractorT2 mex ×3done 5:45 · typical 5:28
    2. CompassRadar bot
    3. Advanced Construction BotT2 con botfor Geo sea
    4. ButlerButler ×2
    5. Advanced Metal ExtractorT2 mex
    6. ButlerButler ×4
    7. Wind ×5
    8. Advanced Construction BotT2 con botfor Pond
    9. Wind ×12
    10. Advanced Construction BotT2 con botfor Beach sea
    11. Wind ×8
    12. ButlerButler
    13. Wind ×2
    14. ButlerButler
    15. Wind ×2
    16. ButlerButler
    17. Wind ×3
    18. Advanced Construction BotT2 con bot
    19. Wind ×8
    20. Converter
    21. Wind ×3
    22. Fusion ReactorFusiondone 11:18
    23. Converter
    24. Wind ×4
    25. Converter
    26. Wind ×2
    27. Converter
    28. Wind ×4
    29. Converter
    30. Wind ×4
    31. Converter
    32. Wind ×2
    33. Converter
    34. Wind ×4
    35. Converter
    36. Wind ×2
    37. Converter
    38. Wind ×4
    39. Converter
    40. Wind ×2
    41. Converter
    42. Wind ×4
    43. Converter
    44. Wind ×4
    45. Converter
    46. Wind ×2
    47. Converter
    48. Wind
    49. Fusion ReactorFusion
    50. Wind ×3
    51. Con turret
    52. Converter
    53. Wind ×4
    54. Converter
    55. Con turret
    56. Wind ×2
    57. Converter
    58. Con turret
    59. Wind ×3
    60. Con turret
    61. Converter
    62. Wind
    63. SprinterSprinter
    64. Wind
    65. Con turret
    66. Wind ×2
    67. Converter
    68. SprinterSprinter
    69. Wind ×3
    70. Converter
    71. Wind
    72. SprinterSprinter
    73. Wind ×2
    74. Converter
    75. Wind
    76. SprinterSprinterfor Suicide front
    77. Wind ×2
    78. SprinterSprinter
    79. Converter
    80. Wind
    81. SprinterSprinter
    82. Wind ×2
    83. HoundHoundfor Suicide front
    84. Converter
    85. Wind ×2
    86. HoundHoundfor Suicide front
    87. Wind ×2
    88. Converter
    89. HoundHoundfor Suicide front
    90. Wind ×2
    91. HoundHoundfor Suicide front
    92. Converter
    93. Wind ×2
    94. HoundHoundfor Suicide front
    95. Wind
    96. Converter
    97. Wind
    98. HoundHoundfor Suicide front
    99. Wind ×2
    100. Converter
    101. HoundHound
    102. Wind ×3
    103. Converter
    104. Wind ×4
    105. Converter
    106. Fusion ReactorFusion
    107. Wind ×2
    108. Converter
    109. Wind ×2
    110. Con turret
    111. Wind ×2
    112. Converter
    113. Wind ×4
    114. Converter
    115. HoundHoundfor Geo
    116. Con turret
    117. Wind ×2
    118. Con turret
    119. Converter
    120. Wind
    121. Con turret
    122. Wind
    123. HoundHoundfor Geo
    124. Wind
    125. Con turret
    126. HoundHoundfor Geo
    127. Converter
    128. Con turret
    129. Wind
    130. Con turret
    131. Wind
    132. HoundHoundfor Geo
    133. Con turret
    134. Converter
    135. Wind
    136. HoundHoundfor Geo
    137. Wind
    138. Converter
    139. Wind ×2
    140. Converter
    141. Wind ×2
    142. HoundHoundfor Geo
    143. Wind
    144. HoundHound
    145. Wind
    146. Converter
    147. Experimental GantryExperimental Gantrynot finished by 15:00
    148. Wind ×2
    149. Converter
    150. Wind ×4
    151. Converter
    152. Wind ×3
    153. Converter
    154. Wind
    155. Advanced Bot LabEat Advanced Bot Labreclaimed for its metal
    156. Wind ×3
    157. Converter
    158. Wind ×3
    159. Converter
    160. Wind ×3
    161. Converter

Counts are medians over the build's games: half of them build more, half fewer. The example game is kiramako's (33 OS, 21/08/2026); pick another.

Team trades

IN AT LEAST 30% OF ITS GAMES

You hand over

  • Construction Bot1 Con bot to Airfirst at 2:23 · in 83% of games
  • Advanced Construction Bot5 T2 con bot to Air or Geo sea or Pondfirst at 4:51 · in 99% of games
  • Butler2 Butler to Geo sea or Beach sea or Pondfirst at 9:06 · in 42% of games

You get

  • Hercules1 Light transport from Airfirst at 4:01 · in 86% of games

How it plays out

Typical game of this build, running totals by minute

Metal produced

020k40k
0:005:0010:0015:00

metal

Enemy metal destroyed

050100
0:005:0010:0015:00

metal

Own metal lost

050100150
0:005:0010:0015:00

metal

2112 games.

Show as table
ByMetal produced: This buildEnemy metal destroyed: This buildOwn metal lost: This build
1:0038300
2:0091500
3:00165500
4:00314900
5:00484700
6:00580500
7:00724600
8:00908400
9:001121400
10:001354100
11:001625700
12:001967800
13:002346100
14:0027368074
15:003160391130
WHAT THE NUMBERS SAY

Standard Tech play barely fights at all early, instead pouring metal into T2 infrastructure and constructors for the team.

  • + Metal produced hits 31679 by 15:00, by far the highest of any role here.
  • + T2 factory reached in 97% of games by 4:15, fastest and most reliable T2 timing.
  • − Enemy metal destroyed stays at 0 through 10:00, no early offense at all.
  • − Own metal lost also near 0, showing total avoidance of combat risk.
THE EXAMPLE YOU ARE READING

kiramako

33.2 OS · 21/08/2026

Open source match ↗

1 received units
6741 metal received · 85584 energy received

Allied construction assistance is unknown. Timings are observations, not a promise of solo reproducibility.

Typical milestones

Bot Lab1:18Middle 50%: 1:13–1:32 · n=2112
Advanced Bot Lab4:16Middle 50%: 4:04–4:30 · n=2105
Advanced Metal Extractor5:28Middle 50%: 5:05–5:58 · n=2108

Played most by

Amrissa97games of this buildTheGeneraI70games of this buildAdeus62games of this buildUncle_Cane60games of this buildCrouxy54games of this build